 Dungeon Crawl Stone Soup version 0.29.1-13-g9f3cf754e1 (webtiles) character file.

Game seed: 16143933665682684467

488 Thatpatchoflichen the Shooter (level 7, -2/44 (45) HPs)
             Began as a Kobold Hunter on Jan 25, 2023.
             Slain by a wight
             ... wielding a +3 dire flail
              (15 damage)
             ... on level 4 of the Dungeon.
             The game lasted 00:13:05 (4262 turns).

Thatpatchoflichen the Shooter (Kobold Hunter)       Turns: 4262, Time: 00:13:05

HP:   -2/44 (45)    AC:  3    Str:  9    XL:     7   Next: 36%
MP:   7/7           EV: 17    Int:  8    God:
Gold: 135           SH:  0    Dex: 20    Spells: 6/6 levels left

rFire   . . .      SeeInvis .   a - +0 shortbow
rCold   . . .      Faith    .   (shield currently unavailable)
rNeg    . . .      Spirit   .   c - +0 leather armour
rPois   .          Reflect  .   (no helmet)
rElec   .          Harm     .   r - -1 cloak of the Tundras {Will+++ Regen+ rCorr Int-2}
rCorr   +          Rampage  .   (no gloves)
Will    +++..                   (no boots)
Stlth   +++.......              (no amulet)
HPRegen 0.94/turn               n - +4 ring of slaying
MPRegen 0.10/turn               (no ring)

@: lightly drained
A: small, no large weapons, nightstalker 3
a: no special abilities


You were on level 4 of the Dungeon.
You visited 1 branch of the dungeon, and saw 5 of its levels.

You collected 135 gold pieces.

Inventory:

Hand Weapons
 a - a +0 shortbow (weapon)
 d - a +5 falchion of freezing
Missiles
 e - 12 poisoned darts
Armour
 c - a +0 leather armour (worn)
 o - a +1 cloak
 r - the -1 cloak of the Tundras (worn) {Will+++ Regen+ rCorr Int-2}
   (You found it on level 3 of the Dungeon)

   Int:       It affects your intelligence (-2).
   Regen:     It increases your rate of health regeneration.
   rCorr:     It protects you from acid and corrosion.
   Will:      It greatly increases your willpower.
Magical Staves
 k - a staff of fire
Jewellery
 n - a +4 ring of slaying (left hand)
Scrolls
 b - a scroll of immolation
 i - a scroll of summoning {unknown}
 l - a scroll of acquirement {unknown}
 m - 3 scrolls of teleportation
 t - a scroll of butterflies
 u - a scroll of torment {unknown}
Potions
 f - 4 potions of curing
 g - a potion of heal wounds {unknown}
 h - a potion of might {unknown}
 j - a potion of cancellation
 p - a potion of haste
 q - a potion of berserk rage
 s - a potion of brilliance {unknown}


   Skills:
 + Level 5.7 Fighting
 - Level 6.3 Ranged Weapons
 - Level 6.0 Dodging
 - Level 2.0 Stealth


You had 6 spell levels left.
You didn't know any spells.
Your spell library contained the following spells:

 Spells                   Type           Power      Damage    Failure   Level
 Summon Guardian Golem    Hex/Summ       0%         N/A       88%         3
 Orb of Destruction       Conj           0%         9d5       100%        7
 Spellforged Servitor     Conj/Summ      0%         N/A       100%        7


Dungeon Overview and Level Annotations

Branches:
Dungeon (5/15)
 Temple: D:4-7

Altars:

Shops:
D:1 =

Annotations:
D:4 Grinder, Pikel


Innate Abilities, Weirdness & Mutations

You are small and have problems with some larger weapons.
You are completely attuned to the shadows.


Message History

Okay, then.
There is a stone staircase leading up, spattered with blood here.
Items here: )) [[ †.
There is a stone staircase leading down here.
You climb downwards.
The wight hits you with a +0 scimitar!
You feel drained.
There is a stone staircase leading up, spattered with blood here.
The wight misses you.
You climb upwards.
Level annotation: Grinder, Pikel
There is a stone staircase leading down here.
Fire: a) +0 shortbow
Press: ? - help, Q - select action, (/) - cycle Shift-Dir - straight line, f - wight
Aim: a wight, wielding a +0 scimitar and wearing a +0 robe (71% to hit)
You shoot an arrow. The arrow hits the wight!
The wight is heavily damaged.
The wight hits you with a +3 dire flail!
The wight barely misses you.
Fire: a) +0 shortbow
Press: ? - help, Q - select action, (/) - cycle Shift-Dir - straight line, f/p - wight
Aim: a wight, wielding a +0 scimitar and wearing a +0 robe (heavily damaged, 71% to hit)
You shoot an arrow. The arrow hits the wight.
The wight is almost destroyed.
The wight hits you with a +3 dire flail!!
* * * LOW HITPOINT WARNING * * *
The wight misses you. The wight closely misses you. The wight misses you.
You feel better. The wight misses you. x2
Fire: a) +0 shortbow
Press: ? - help, Q - select action, (/) - cycle Shift-Dir - straight line, f/p - wight
Aim: a wight, wielding a +0 scimitar and wearing a +0 robe (almost destroyed, 71% to hit)
You shoot an arrow.
The arrow hits the wight but does no damage.
The wight is almost destroyed.
The wight closely misses you. x2
Fire: a) +0 shortbow
Press: ? - help, Q - select action, (/) - cycle Shift-Dir - straight line, f/p - wight
Aim: a wight, wielding a +0 scimitar and wearing a +0 robe (almost destroyed, 71% to hit)
You shoot an arrow. The arrow hits the wight!
You destroy the wight!
The wight hits you with a +3 dire flail!
You die...

###..............#
#...............>#
#....#.#...#######
#.#....#...#
#.....##...#
#####.##...#
#...#.##...##
#####z#.#...[...#
#...)@#.#######.####
#.##[.#.....# #..(.#
#.##..#####.######.#
#.##.....#..#......#
#........#....#....#
####.....#..#.#...###
#.....#..#.#.#...#
#.....#.......)#.##
#.....#......#.#...


You could see a wight.

Vanquished Creatures
  A black bear (D:4)
  4 lemures (D:3)
  A scorpion (D:4)
  3 wights (D:4)
  Terence (D:3)
  An iguana (D:4)
  An orc wizard (D:3)
  5 adders
  4 gnolls
  A worm (D:2)
  4 dart slugs
  4 orcs
  8 ball pythons
  3 bats (D:1)
  9 endoplasms
  A giant cockroach (D:1)
  7 goblins
  3 hobgoblins
  5 jackals
  A quokka (D:1)
  6 frilled lizards
  6 kobolds
  4 rats
83 creatures vanquished.

Vanquished Creatures (others)
  A fungus (D:1)
  A plant (D:1)
2 creatures vanquished.

Grand Total: 85 creatures vanquished

Notes
Turn   | Place    | Note
-------+----------+-------------------------------------------
     0 | D:1      | Thatpatchoflichen the Kobold Hunter began the quest for the
                  | Orb.
     0 | D:1      | Reached XP level 1. HP: 12/12 MP: 1/1
    27 | D:1      | Found Xurit's Jewellery Emporium.
   225 | D:1      | Reached XP level 2. HP: 18/18 MP: 2/2
   312 | D:1      | Reached XP level 3. HP: 22/22 MP: 3/3
   575 | D:1      | Found a faded altar of an unknown god.
  1386 | D:2      | Reached XP level 4. HP: 28/28 MP: 4/4
  2184 | D:4      | Noticed a lemure
  2189 | D:4      | Noticed Pikel
  2189 | D:4      | Noticed a lemure
  2609 | D:3      | Identified the -1 cloak of the Tundras {Will+++ Regen+
                  | rCorr Int-2}
  2823 | D:3      | Noticed Terence
  2827 | D:3      | Killed Terence
  2828 | D:3      | Reached XP level 5. HP: 29/32 MP: 5/5
  3423 | D:4      | Noticed a lemure
  3443 | D:3      | Killed a lemure
  3469 | D:3      | Killed a lemure
  3486 | D:3      | Killed a lemure
  3494 | D:4      | Noticed a lemure
  3505 | D:3      | Killed a lemure
  3548 | D:4      | Reached XP level 6. HP: 38/38 MP: 6/6
  3601 | D:4      | Reached skill level 5 in Dodging
  3652 | D:5      | Entered Level 5 of the Dungeon
  3683 | D:4      | Noticed a black bear
  3691 | D:4      | Killed a black bear
  3697 | D:4      | Reached skill level 5 in Fighting
  3935 | D:4      | Reached XP level 7. HP: 44/44 MP: 7/7
  3953 | D:4      | Noticed Grinder
  4259 | D:4      | HP: 2/44 [wight/+3 dire flail (19)]
  4262 | D:4      | Slain by a wight

Illustrated notes

Levels and vault maps discovered:
D:1:      lightli_arrival_lavapool, layout_loops_ring, serial_shops, shop,
          shapermc_ecumenical_altar_acropolis, reono_crystal_passage,
          minmay_heptomino_d4
D:2:      layout_basic
D:3:      layout_basic, kennysheep_donut, uniq_terence
D:4:      layout_basic, abandoned_shop, uniq_pikel, uniq_grinder
D:5:      layout_loops_ring, mainiacjoe_overflow_cross_hatched,
          nzn_hepliaklqana_mist_gate, mainiacjoe_overflow_catwalk_spiral,
          gammafunk_ghost_abyssal_escape

Skill      XL: |  1  2  3  4  5  6  7 |
---------------+----------------------+-----
Dodging        | 3 4 5 6 |  6.0
Stealth        | 2 |  2.0
Fighting       | 3 4 5 |  5.7
Ranged Weapons | 6 |  6.3

Action                   |  1- 3 |  4- 6 |  7- 9 || total
-------------------------+-------+-------+-------++-------
 Fire: Shortbow          |    77 |   135 |    22 ||   234
  Use: Scroll            |       |       |     7 ||     7
       Potion            |       |       |     1 ||     1
Armor: Leather armour    |     8 |    14 |       ||    22
Dodge: Dodged            |    26 |    57 |    31 ||   114
